Sabres vs Blackhawks
Created - March 15, 2018 at 19:09
Goals
|
| Sabres |
0 |
2 |
0 |
0 |
2 |
3 |
| Blackhawks |
0 |
1 |
1 |
0 |
1 |
2 |
|
Shots
|
| Sabres |
16 |
16 |
2 |
0 |
3 |
34 |
| Blackhawks |
10 |
15 |
10 |
1 |
3 |
36 |
|
1st period
No Goal
Penalties :
Peter Regin (Chi) for Holding (Minor) at 2:31, Tyler Kennedy (Chi) for Hooking (Minor) at 17:06
2nd period
1. Blackhawks , Jaden Schwartz 10 (Mike Green 34, Derick Brassard 42) at 0:04
2. Sabres , Andrei Loktionov 29 (Zach Bogosian 49, Kyle Okposo 24) at 5:06
3. Sabres , Andrei Loktionov 30 (Rob Scuderi 22) at 15:30
Penalties :
Derick Brassard (Chi) for Hooking (Minor) at 7:08
3rd period
4. Blackhawks , Denis Grebeshkov 3 (Tomas Fleischmann 19, Peter Regin 22) at 10:25 (PP)
Penalties :
Tomas Kaberle (Chi) for Roughing (Minor) at 7:37, Vincent Lecavalier (Buf) for Hooking (Minor) at 9:48, Tyler Kennedy (Chi) for Roughing (Minor) at 18:54
Overtime #1
No Goal
Penalties :
No Penalty
Shootout
Penalty Shot by Ilya Kovalchuk for Sabres - Stopped by Jimmy Howard
Penalty Shot by Derick Brassard for Blackhawks - Goal!
Penalty Shot by Vincent Lecavalier for Sabres - Goal!
Penalty Shot by Jarome Iginla for Blackhawks - Shot Misses the Net
Penalty Shot by Evander Kane for Sabres - Goal!
Penalty Shot by Antoine Roussel for Blackhawks - Stopped by Robin Lehner
Penalties :
No Penalty
Goalie Stats
Robin Lehner (Buf), 34 saves from 36 shots - (0.944), W, 33-13-3, 65:00 minutes
Jimmy Howard (Chi), 32 saves from 34 shots - (0.941), OTL, 20-27-10, 65:00 minutes
Players Stats for Sabres
Player Name G A P +/- PIM S H SB GA TA FO MP PP MP PK MP
------------------------------------------------------------------------------------
Andrei Loktionov 2 0 2 1 0 4 3 0 0 0 12/24 22:02 4:50 0:00
Brad Richardson 0 0 0 0 0 1 0 0 0 0 0/0 7:28 0:00 0:00
Brandon Sutter 0 0 0 0 0 1 1 1 0 0 1/3 8:39 0:00 0:37
Darcy Hordichuk 0 0 0 0 0 0 0 0 1 0 1/1 8:36 0:00 0:37
Evander Kane 0 0 0 0 0 3 1 0 2 0 0/1 19:51 4:50 0:00
Ilya Kovalchuk 0 0 0 1 0 2 1 0 0 1 2/3 23:44 4:11 0:00
Jakub Kindl 0 0 0 1 0 2 3 0 1 0 0/0 17:09 3:34 0:00
Jared Cowen 0 0 0 0 0 2 0 0 0 1 0/0 27:12 3:34 0:37
Jordan Leopold 0 0 0 1 0 2 1 0 0 0 0/0 12:20 0:00 0:00
Kyle Okposo 0 1 1 1 0 3 5 1 2 0 0/0 23:25 4:50 0:00
Matt Martin 0 0 0 0 0 1 1 0 0 0 0/0 11:30 0:00 0:00
Michael Kostka 0 0 0 0 0 4 1 1 0 1 0/0 25:41 5:27 0:37
Rob Scuderi 0 1 1 0 0 0 0 0 0 0 0/0 17:50 0:00 0:00
Ryan O'Reilly 0 0 0 0 0 3 0 0 0 0 9/22 20:17 4:11 0:00
Scottie Upshall 0 0 0 0 0 3 0 0 0 1 0/0 11:30 0:00 0:00
Vincent Lecavalier 0 0 0 0 2 2 1 0 0 0 2/7 12:57 0:00 0:00
Zach Bogosian 0 1 1 0 0 1 0 0 1 0 0/0 29:48 5:27 0:00
Zack Kassian 0 0 0 0 0 0 0 0 0 1 0/0 19:23 4:11 0:00
Players Stats for Blackhawks
Player Name G A P +/- PIM S H SB GA TA FO MP PP MP PK MP
------------------------------------------------------------------------------------
Antoine Roussel 0 0 0 -2 0 9 4 0 1 0 1/1 18:28 0:22 2:13
Chad Larose 0 0 0 -2 0 3 2 0 0 0 0/0 15:08 0:15 0:00
Denis Grebeshkov 1 0 1 0 0 1 1 2 0 0 0/0 24:36 0:08 3:58
Derick Brassard 0 1 1 1 2 2 2 0 0 1 17/33 22:46 0:22 4:56
Jaden Schwartz 1 0 1 1 0 4 2 0 2 0 0/1 17:29 0:00 1:38
Jarome Iginla 0 0 0 1 0 1 2 3 0 0 1/2 23:41 0:22 5:17
Joni Pitkanen 0 0 0 0 0 2 3 3 1 3 0/0 25:58 0:29 5:57
Kevin Marshall 0 0 0 -1 0 0 1 1 0 0 0/0 14:26 0:00 0:00
Kyle Brodziak 0 0 0 0 0 0 0 0 0 0 4/6 8:18 0:00 0:13
Ladislav Smid 0 0 0 0 0 1 1 2 0 0 0/0 20:57 0:08 3:58
Mike Green 0 1 1 0 0 2 1 1 0 1 0/0 29:37 0:29 5:57
Peter Regin 0 1 1 0 2 4 1 0 0 0 5/6 13:35 0:15 1:25
Ryan Johansen 0 0 0 -2 0 4 4 1 0 0 5/10 17:40 0:00 1:20
Spencer Machacek 0 0 0 0 0 0 1 0 0 0 0/0 8:05 0:00 0:00
Taylor Pyatt 0 0 0 0 0 0 0 0 0 0 0/0 9:34 0:00 0:09
Tomas Fleischmann 0 1 1 0 0 0 0 1 0 0 0/0 11:06 0:15 0:00
Tomas Kaberle 0 0 0 -1 2 1 1 0 0 1 0/0 14:28 0:00 0:00
Tyler Kennedy 0 0 0 0 4 2 1 1 1 1 1/2 14:08 0:00 1:45
3 Stars
1 - Andrei Loktionov (Buf)
2 - Robin Lehner (Buf)
3 - Kyle Okposo (Buf)
Power Play
Sabres - 0 on 5 Attempt(s) - 0.00%
Blackhawks - 1 on 1 Attempt(s) - 100.00%
Penalty Kill
Sabres - 0 on 1 Attempt(s) - 0.00%
- Score 0 goal in Penalty Kill
Blackhawks - 5 on 5 Attempt(s) - 100.00%
- Score 0 goal in Penalty Kill
Team Stat
Sabres - Hits : 18 - Faceoff Wins : 27 - Blocked Shots : 3 - Penalty Minutes : 2
Blackhawks - Hits : 27 - Faceoff Wins : 34 - Blocked Shots : 15 - Penalty Minutes : 10
Official
Referees : Kowal Tom and VanMassenhoven Don
Linesman : Pierre Champoux and David Brisebois
Game Notes
No Game Note
Finance
Level 1 -- Attendance: 3977 (66.28%) -- Ticket Income $389,746
Level 2 -- Attendance: 3599 (71.98%) -- Ticket Income $226,737
Level 3 -- Attendance: 1498 (74.90%) -- Ticket Income $62,916
Level 4 -- Attendance: 3029 (75.73%) -- Ticket Income $93,899
Luxury Box -- Attendance: 664 (66.40%) -- Ticket Income $118,192
Game was played at the Rexall Place.
Total Attendance: 12767 (70.93%)
Total Ticket Income: $891,490
Other Income: $133,724
Total Income: $1,025,214
Sabres
5 vs 5 Forward
Center Left Wing Right Wing Time % Phy DF OF
1 Andrei Loktionov Ilya Kovalchuk Kyle Okposo 37 0 2 3
2 Ryan O'Reilly Evander Kane Zack Kassian 32 0 2 3
3 Vincent Lecavalier Matt Martin Scottie Upshall 21 0 3 2
4 Brandon Sutter Darcy Hordichuk Brad Richardson 10 0 4 1
5 vs 5 Defense
Defense Defense Time % Phy DF OF
1 Zach Bogosian Jared Cowen 45 0 2 3
2 Michael Kostka Rob Scuderi 35 0 4 1
3 Jakub Kindl Jordan Leopold 20 0 4 1
4 Michael Kostka Jared Cowen 0 0 3 2
PowerPlay Forward
Center Left Wing Right Wing Time % Phy DF OF
1 Andrei Loktionov Evander Kane Kyle Okposo 55 0 0 5
2 Ryan O'Reilly Ilya Kovalchuk Zack Kassian 45 0 0 5
PowerPlay Defense
Defense Defense Time % Phy DF OF
1 Zach Bogosian Michael Kostka 55 1 1 3
2 Jakub Kindl Jared Cowen 45 1 1 3
Penalty Kill 4 Players Forward
Center Wing Time % Phy DF OF
1 Brandon Sutter Darcy Hordichuk 60 0 5 0
2 Vincent Lecavalier Ilya Kovalchuk 40 0 4 1
Penalty Kill 4 Players Defense
Defense Defense Time % Phy DF OF
1 Michael Kostka Jared Cowen 60 0 5 0
2 Zach Bogosian Jakub Kindl 40 0 4 1
Penalty Kill - 3 Players Forward
Forward Time % Phy DF OF
1 Brandon Sutter 60 0 5 0
2 Darcy Hordichuk 40 0 5 0
Penalty Kill - 3 Players Defense
Defense Defense Time % Phy DF OF
1 Michael Kostka Jared Cowen 60 0 5 0
2 Zach Bogosian Jakub Kindl 40 0 5 0
4 vs 4 Forward
Center Wing Time % Phy DF OF
1 Ryan O'Reilly Ilya Kovalchuk 60 1 2 2
2 Vincent Lecavalier Zack Kassian 40 1 2 2
4 vs 4 Defense
Defense Defense Time % Phy DF OF
1 Zach Bogosian Jakub Kindl 60 1 2 2
2 Michael Kostka Jared Cowen 40 1 2 2
Last Minutes Offensive
Center Left Wing Right Wing Defense Defense
Vincent Lecavalier Ilya Kovalchuk Kyle Okposo Zach Bogosian Michael Kostka
Last Minutes Defensive
Center Left Wing Right Wing Defense Defense
Brandon Sutter Ilya Kovalchuk Zack Kassian Zach Bogosian Jared Cowen
Goaltenders
Starting : Robin Lehner
Backup : Jonas Hiller
Extra Forwards
Normal : Ilya Kovalchuk, Kyle Okposo, Vincent Lecavalier - PP : Kyle Okposo, Vincent Lecavalier - PK : Matt Martin
Extra Defensemen
Normal : Jakub Kindl, Jordan Leopold, Michael Kostka - PP : Jakub Kindl - PK : Jordan Leopold, Michael Kostka
Penalty Shots
Ilya Kovalchuk, Vincent Lecavalier, Evander Kane, Darcy Hordichuk, Scottie Upshall
Scratches
Wade Redden (Healthy)
Blackhawks
5 vs 5 Forward
Center Left Wing Right Wing Time % Phy DF OF
1 Derick Brassard Jaden Schwartz Jarome Iginla 40 1 2 2
2 Ryan Johansen Antoine Roussel Chad Larose 30 1 2 2
3 Peter Regin Tomas Fleischmann Tyler Kennedy 20 1 2 2
4 Kyle Brodziak Taylor Pyatt Spencer Machacek 10 1 2 2
5 vs 5 Defense
Defense Defense Time % Phy DF OF
1 Mike Green Denis Grebeshkov 40 1 2 2
2 Joni Pitkanen Ladislav Smid 30 1 2 2
3 Tomas Kaberle Kevin Marshall 20 1 2 2
4 Mike Green Joni Pitkanen 10 1 2 2
PowerPlay Forward
Center Left Wing Right Wing Time % Phy DF OF
1 Derick Brassard Antoine Roussel Jarome Iginla 60 1 2 2
2 Peter Regin Tomas Fleischmann Chad Larose 40 1 2 2
PowerPlay Defense
Defense Defense Time % Phy DF OF
1 Mike Green Joni Pitkanen 60 1 2 2
2 Denis Grebeshkov Ladislav Smid 40 1 2 2
Penalty Kill 4 Players Forward
Center Wing Time % Phy DF OF
1 Derick Brassard Jarome Iginla 60 1 2 2
2 Antoine Roussel Peter Regin 40 1 2 2
Penalty Kill 4 Players Defense
Defense Defense Time % Phy DF OF
1 Mike Green Joni Pitkanen 60 1 2 2
2 Denis Grebeshkov Ladislav Smid 40 1 2 2
Penalty Kill - 3 Players Forward
Forward Time % Phy DF OF
1 Derick Brassard 60 1 2 2
2 Jarome Iginla 40 1 2 2
Penalty Kill - 3 Players Defense
Defense Defense Time % Phy DF OF
1 Mike Green Joni Pitkanen 60 1 2 2
2 Denis Grebeshkov Ladislav Smid 40 1 2 2
4 vs 4 Forward
Center Wing Time % Phy DF OF
1 Derick Brassard Jarome Iginla 60 1 2 2
2 Antoine Roussel Peter Regin 40 1 2 2
4 vs 4 Defense
Defense Defense Time % Phy DF OF
1 Mike Green Joni Pitkanen 60 1 2 2
2 Denis Grebeshkov Ladislav Smid 40 1 2 2
Last Minutes Offensive
Center Left Wing Right Wing Defense Defense
Derick Brassard Antoine Roussel Jarome Iginla Mike Green Joni Pitkanen
Last Minutes Defensive
Center Left Wing Right Wing Defense Defense
Derick Brassard Antoine Roussel Jarome Iginla Mike Green Joni Pitkanen
Goaltenders
Starting : Jimmy Howard
Backup : Al Montoya
Extra Forwards
Normal : Taylor Pyatt, Ryan Johansen, Tyler Kennedy - PP : Taylor Pyatt, Ryan Johansen - PK : Tyler Kennedy
Extra Defensemen
Normal : Joni Pitkanen, Kevin Marshall, Denis Grebeshkov - PP : Joni Pitkanen - PK : Kevin Marshall, Denis Grebeshkov
Penalty Shots
Derick Brassard, Jarome Iginla, Antoine Roussel, Peter Regin, Tomas Fleischmann
Scratches
None
% Time on Ice - Sabres
Lines # - Real PCT - Wanted PCT - Time Play
Normal Forward
1 - 34% - 37% - 17:12
2 - 28% - 32% - 14:12
3 - 23% - 21% - 11:30
4 - 15% - 10% - 7:28
Normal Defense
1 - 44% - 45% - 22:01
2 - 35% - 35% - 17:36
3 - 21% - 20% - 10:45
4 - 0% - 0% - 0:00
PP Forward
1 - 54% - 55% - 4:50
2 - 46% - 45% - 4:11
PP Defense
1 - 60% - 55% - 5:27
2 - 40% - 45% - 3:34
PK Forward
1 - 100% - 60% - 0:37
2 - 0% - 40% - 0:00
PK Defense
1 - 100% - 60% - 0:37
2 - 0% - 40% - 0:00
PK3 Forward
1 - 0% - 60%
2 - 0% - 40%
PK3 Defense
1 - 0% - 60%
2 - 0% - 40%
44 Forward
1 - 80% - 60% - 4:00
2 - 20% - 40% - 1:00
44 Defense
1 - 74% - 60% - 3:42
2 - 26% - 40% - 1:18
Last Minute Offensive - 0:00
Last Minute Defensive - 0:00
Total
Forward - 65:00
Defense - 65:00
|
% Time on Ice - Blackhawks
Lines # - Real PCT - Wanted PCT - Time Play
Normal Forward
1 - 33% - 40% - 16:33
2 - 30% - 30% - 14:53
3 - 22% - 20% - 10:51
4 - 16% - 10% - 8:05
Normal Defense
1 - 39% - 40% - 19:24
2 - 29% - 30% - 14:34
3 - 27% - 20% - 13:37
4 - 6% - 10% - 2:47
PP Forward
1 - 59% - 60% - 0:22
2 - 41% - 40% - 0:15
PP Defense
1 - 78% - 60% - 0:29
2 - 22% - 40% - 0:08
PK Forward
1 - 75% - 60% - 6:48
2 - 25% - 40% - 2:13
PK Defense
1 - 61% - 60% - 5:29
2 - 39% - 40% - 3:32
PK3 Forward
1 - 94% - 60% - 0:51
2 - 6% - 40% - 0:03
PK3 Defense
1 - 52% - 60% - 0:28
2 - 48% - 40% - 0:26
44 Forward
1 - 76% - 60% - 3:06
2 - 24% - 40% - 1:00
44 Defense
1 - 57% - 60% - 2:19
2 - 43% - 40% - 1:47
Last Minute Offensive - 0:00
Last Minute Defensive - 0:00
Total
Forward - 65:00
Defense - 65:00
|
Play by Play
1st period
0:01 of 1st period - Andrei Loktionov wins face-off versus Derick Brassard in neutral zone.
0:10 of 1st period - Icing by Ilya Kovalchuk.
0:11 of 1st period - Andrei Loktionov wins face-off versus Ryan Johansen in Sabres zone.
0:22 of 1st period - Antoine Roussel is hit by Ilya Kovalchuk and loses puck.
0:45 of 1st period - Snap shot by Evander Kane.
0:45 of 1st period - Shot Misses the Net.
0:47 of 1st period - Wrist shot by Ryan O'Reilly.
0:47 of 1st period - Shot Blocked by Ladislav Smid.
1:48 of 1st period - Slapshot by Ryan O'Reilly.
1:48 of 1st period - Stopped by Jimmy Howard with a rebound.
1:54 of 1st period - Ryan O'Reilly is hit by Ryan Johansen and loses puck.
2:07 of 1st period - Snap shot by Andrei Loktionov.
2:07 of 1st period - Stopped by Jimmy Howard with a rebound.
2:09 of 1st period - Slapshot by Jordan Leopold.
2:09 of 1st period - Stopped by Jimmy Howard without a rebound.
2:10 of 1st period - Derick Brassard wins face-off versus Andrei Loktionov in Blackhawks zone.
2:29 of 1st period - Snap shot by Andrei Loktionov.
2:29 of 1st period - Shot Blocked by Tomas Fleischmann.
2:31 of 1st period - Minor Penalty to Peter Regin for Holding.
2:32 of 1st period - Andrei Loktionov wins face-off versus Derick Brassard in Blackhawks zone.
2:45 of 1st period - Snap shot by Evander Kane.
2:45 of 1st period - Stopped by Jimmy Howard without a rebound.
2:46 of 1st period - Derick Brassard wins face-off versus Andrei Loktionov in Blackhawks zone.
2:57 of 1st period - Joni Pitkanen is hit by Evander Kane and loses puck.
4:31 of 1st period - Penalty to Peter Regin is over, Peter Regin is back on ice.
4:43 of 1st period - Snap shot by Spencer Machacek.
4:43 of 1st period - Shot Misses the Net.
5:53 of 1st period - Zach Bogosian is hit by Joni Pitkanen and loses puck.
6:08 of 1st period - Denis Grebeshkov is hit by Jordan Leopold and loses puck.
6:21 of 1st period - Joni Pitkanen is hit by Kyle Okposo and loses puck.
6:26 of 1st period - Wrist shot by Andrei Loktionov.
6:26 of 1st period - Shot Blocked by Jarome Iginla.
6:50 of 1st period - Mike Green is hit by Matt Martin and loses puck.
8:51 of 1st period - Snap shot by Ilya Kovalchuk.
8:51 of 1st period - Stopped by Jimmy Howard with a rebound.
9:09 of 1st period - Slapshot by Ryan O'Reilly.
9:09 of 1st period - Stopped by Jimmy Howard without a rebound.
9:10 of 1st period - Kyle Brodziak wins face-off versus Ryan O'Reilly in Blackhawks zone.
9:57 of 1st period - Snap shot by Peter Regin.
9:57 of 1st period - Stopped by Robin Lehner without a rebound.
9:58 of 1st period - Peter Regin wins face-off versus Ryan O'Reilly in Sabres zone.
9:59 of 1st period - Slapshot by Tyler Kennedy.
9:59 of 1st period - Shot Misses the Net.
10:13 of 1st period - Snap shot by Zack Kassian.
10:13 of 1st period - Shot Blocked by Tyler Kennedy.
10:27 of 1st period - Snap shot by Brandon Sutter.
10:27 of 1st period - Stopped by Jimmy Howard with a rebound.
10:46 of 1st period - Snap shot by Jaden Schwartz.
10:46 of 1st period - Stopped by Robin Lehner with a rebound.
10:48 of 1st period - Backhand shot by Jaden Schwartz.
10:48 of 1st period - Shot Misses the Net.
10:50 of 1st period - Slapshot by Tomas Kaberle.
10:50 of 1st period - Stopped by Robin Lehner with a rebound.
10:52 of 1st period - Snap shot by Jaden Schwartz.
10:52 of 1st period - Stopped by Robin Lehner without a rebound.
10:53 of 1st period - Derick Brassard wins face-off versus Ryan O'Reilly in Sabres zone.
11:02 of 1st period - Snap shot by Zach Bogosian.
11:02 of 1st period - Stopped by Jimmy Howard with a rebound.
11:04 of 1st period - Wrist shot by Ryan O'Reilly.
11:04 of 1st period - Stopped by Jimmy Howard with a rebound.
11:06 of 1st period - Wrist shot by Zack Kassian.
11:06 of 1st period - Shot Blocked by Mike Green.
11:08 of 1st period - Slapshot by Jared Cowen.
11:08 of 1st period - Stopped by Jimmy Howard with a rebound.
11:20 of 1st period - Zach Bogosian is hit by Ryan Johansen and loses puck.
11:44 of 1st period - Slapshot by Mike Green.
11:44 of 1st period - Shot Misses the Net.
11:46 of 1st period - Wrist shot by Chad Larose.
11:46 of 1st period - Shot Misses the Net.
11:48 of 1st period - Wrist shot by Antoine Roussel.
11:48 of 1st period - Shot Misses the Net.
11:52 of 1st period - Wrist shot by Antoine Roussel.
11:52 of 1st period - Stopped by Robin Lehner with a rebound.
11:54 of 1st period - Wrist shot by Chad Larose.
11:54 of 1st period - Stopped by Robin Lehner without a rebound.
11:55 of 1st period - Ryan O'Reilly wins face-off versus Derick Brassard in Sabres zone.
12:42 of 1st period - Off-side.
12:43 of 1st period - Kyle Brodziak wins face-off versus Brandon Sutter in neutral zone.
12:48 of 1st period - Snap shot by Spencer Machacek.
12:48 of 1st period - Shot Misses the Net.
12:50 of 1st period - Snap shot by Kevin Marshall.
12:50 of 1st period - Shot Misses the Net.
13:58 of 1st period - Wrist shot by Scottie Upshall.
13:58 of 1st period - Stopped by Jimmy Howard with a rebound.
14:24 of 1st period - Wrist shot by Ryan Johansen.
14:24 of 1st period - Shot Misses the Net.
14:26 of 1st period - Wrist shot by Antoine Roussel.
14:26 of 1st period - Stopped by Robin Lehner without a rebound.
14:27 of 1st period - Derick Brassard wins face-off versus Andrei Loktionov in Sabres zone.
14:46 of 1st period - Jared Cowen is hit by Derick Brassard and loses puck.
15:21 of 1st period - Snap shot by Scottie Upshall.
15:21 of 1st period - Stopped by Jimmy Howard without a rebound.
15:22 of 1st period - Vincent Lecavalier wins face-off versus Kyle Brodziak in Blackhawks zone.
15:45 of 1st period - Snap shot by Scottie Upshall.
15:45 of 1st period - Shot Blocked by Denis Grebeshkov.
15:47 of 1st period - Snap shot by Matt Martin.
15:47 of 1st period - Stopped by Jimmy Howard without a rebound.
15:48 of 1st period - Derick Brassard wins face-off versus Ryan O'Reilly in Blackhawks zone.
16:17 of 1st period - Snap shot by Ryan Johansen.
16:17 of 1st period - Stopped by Robin Lehner without a rebound.
16:18 of 1st period - Andrei Loktionov wins face-off versus Ryan Johansen in Sabres zone.
16:18 of 1st period - Andrei Loktionov is hit by Ryan Johansen.
16:28 of 1st period - Snap shot by Ilya Kovalchuk.
16:28 of 1st period - Shot Misses the Net.
16:30 of 1st period - Slapshot by Michael Kostka.
16:30 of 1st period - Stopped by Jimmy Howard with a rebound.
16:32 of 1st period - Slapshot by Michael Kostka.
16:32 of 1st period - Stopped by Jimmy Howard with a rebound.
16:34 of 1st period - Slapshot by Michael Kostka.
16:34 of 1st period - Stopped by Jimmy Howard with a rebound.
16:49 of 1st period - Evander Kane is hit by Jaden Schwartz and loses puck.
17:03 of 1st period - Off-side.
17:04 of 1st period - Peter Regin wins face-off versus Vincent Lecavalier in neutral zone.
17:06 of 1st period - Minor Penalty to Tyler Kennedy for Hooking.
17:07 of 1st period - Derick Brassard wins face-off versus Andrei Loktionov in Blackhawks zone.
17:17 of 1st period - Wrist shot by Jarome Iginla.
17:17 of 1st period - Shot Misses the Net.
17:19 of 1st period - Wrist shot by Derick Brassard.
17:19 of 1st period - Stopped by Robin Lehner without a rebound.
17:20 of 1st period - Andrei Loktionov wins face-off versus Derick Brassard in Sabres zone.
19:04 of 1st period - Zack Kassian is hit by Ryan Johansen and loses puck.
19:06 of 1st period - Penalty to Tyler Kennedy is over, Tyler Kennedy is back on ice.
19:15 of 1st period - Snap shot by Ryan Johansen.
19:15 of 1st period - Stopped by Robin Lehner with a rebound.
19:17 of 1st period - Slapshot by Ryan Johansen.
19:17 of 1st period - Shot Misses the Net.
19:21 of 1st period - Slapshot by Tyler Kennedy.
19:21 of 1st period - Deflect By Zach Bogosian.
19:21 of 1st period - Shot Blocked by Michael Kostka.
19:21 of 1st period - Puck is out of play.
19:22 of 1st period - Peter Regin wins face-off versus Vincent Lecavalier in Sabres zone.
19:48 of 1st period - Jakub Kindl is hit by Chad Larose.
19:56 of 1st period - Snap shot by Zach Bogosian.
19:56 of 1st period - Shot Misses the Net.
19:58 of 1st period - Wrist shot by Brandon Sutter.
19:58 of 1st period - Shot Blocked by Kevin Marshall.
Goals for this period are 0 for Sabres vs 0 for Blackhawks.
Shots for this period are 16 for Sabres vs 10 for Blackhawks.
2nd period
0:01 of 2nd period - Derick Brassard wins face-off versus Andrei Loktionov in neutral zone.
0:04 of 2nd period - Slapshot by Mike Green.
0:04 of 2nd period - Deflect By Jaden Schwartz.
0:04 of 2nd period - Goal by Jaden Schwartz - Sabres : 0 - Blackhawks : 1.
0:05 of 2nd period - Andrei Loktionov wins face-off versus Jaden Schwartz in neutral zone.
0:08 of 2nd period - Snap shot by Zach Bogosian.
0:08 of 2nd period - Shot Blocked by Denis Grebeshkov.
0:10 of 2nd period - Snap shot by Kyle Okposo.
0:10 of 2nd period - Stopped by Jimmy Howard with a rebound.
0:12 of 2nd period - Slapshot by Jared Cowen.
0:12 of 2nd period - Shot Hit the Post.
0:32 of 2nd period - Jared Cowen is hit by Antoine Roussel and loses puck.
0:37 of 2nd period - Snap shot by Antoine Roussel.
0:37 of 2nd period - Stopped by Robin Lehner with a rebound.
0:39 of 2nd period - Wrist shot by Antoine Roussel.
0:39 of 2nd period - Stopped by Robin Lehner without a rebound.
0:40 of 2nd period - Ryan Johansen wins face-off versus Ryan O'Reilly in Sabres zone.
0:47 of 2nd period - Snap shot by Ryan Johansen.
0:47 of 2nd period - Shot Misses the Net.
1:08 of 2nd period - Icing by Joni Pitkanen.
1:09 of 2nd period - Derick Brassard wins face-off versus Andrei Loktionov in Blackhawks zone.
2:02 of 2nd period - Snap shot by Andrei Loktionov.
2:02 of 2nd period - Deflect By Kyle Okposo.
2:02 of 2nd period - Stopped by Jimmy Howard without a rebound.
2:03 of 2nd period - Ryan O'Reilly wins face-off versus Ryan Johansen in Blackhawks zone.
2:15 of 2nd period - Evander Kane is hit by Antoine Roussel and loses puck.
2:34 of 2nd period - Snap shot by Scottie Upshall.
2:34 of 2nd period - Stopped by Jimmy Howard without a rebound.
2:35 of 2nd period - Peter Regin wins face-off versus Evander Kane in Blackhawks zone.
2:46 of 2nd period - Snap shot by Peter Regin.
2:46 of 2nd period - Stopped by Robin Lehner without a rebound.
2:47 of 2nd period - Andrei Loktionov wins face-off versus Derick Brassard in Sabres zone.
2:47 of 2nd period - Andrei Loktionov is hit by Derick Brassard.
3:17 of 2nd period - Wrist shot by Tyler Kennedy.
3:17 of 2nd period - Shot Misses the Net.
3:41 of 2nd period - Snap shot by Kyle Okposo.
3:41 of 2nd period - Shot Misses the Net.
3:43 of 2nd period - Snap shot by Kyle Okposo.
3:43 of 2nd period - Shot Misses the Net.
3:51 of 2nd period - Wrist shot by Ilya Kovalchuk.
3:51 of 2nd period - Shot Misses the Net.
4:52 of 2nd period - Slapshot by Zach Bogosian.
4:52 of 2nd period - Shot Misses the Net.
5:02 of 2nd period - Wrist shot by Kyle Okposo.
5:02 of 2nd period - Shot Blocked by Ryan Johansen.
5:04 of 2nd period - Snap shot by Zach Bogosian.
5:04 of 2nd period - Shot Misses the Net.
5:06 of 2nd period - Snap shot by Andrei Loktionov.
5:06 of 2nd period - Goal by Andrei Loktionov - Sabres : 1 - Blackhawks : 1.
5:07 of 2nd period - Ryan O'Reilly wins face-off versus Derick Brassard in neutral zone.
5:22 of 2nd period - Slapshot by Evander Kane.
5:22 of 2nd period - Stopped by Jimmy Howard with a rebound.
5:32 of 2nd period - Matt Martin is hit by Peter Regin and loses puck.
5:57 of 2nd period - Backhand shot by Michael Kostka.
5:57 of 2nd period - Stopped by Jimmy Howard with a rebound.
6:10 of 2nd period - Icing by Rob Scuderi.
6:11 of 2nd period - Derick Brassard wins face-off versus Ryan O'Reilly in Sabres zone.
6:14 of 2nd period - Wrist shot by Jaden Schwartz.
6:14 of 2nd period - Shot Misses the Net.
6:25 of 2nd period - Icing by Joni Pitkanen.
6:26 of 2nd period - Vincent Lecavalier wins face-off versus Derick Brassard in Blackhawks zone.
6:31 of 2nd period - Wrist shot by Matt Martin.
6:31 of 2nd period - Shot Misses the Net.
6:33 of 2nd period - Snap shot by Jakub Kindl.
6:33 of 2nd period - Stopped by Jimmy Howard with a rebound.
6:35 of 2nd period - Slapshot by Jakub Kindl.
6:35 of 2nd period - Stopped by Jimmy Howard with a rebound.
6:37 of 2nd period - Wrist shot by Scottie Upshall.
6:37 of 2nd period - Shot Misses the Net.
6:39 of 2nd period - Slapshot by Jakub Kindl.
6:39 of 2nd period - Shot Blocked by Joni Pitkanen.
6:41 of 2nd period - Slapshot by Jordan Leopold.
6:41 of 2nd period - Stopped by Jimmy Howard without a rebound.
6:42 of 2nd period - Ryan O'Reilly wins face-off versus Ryan Johansen in Blackhawks zone.
7:08 of 2nd period - Minor Penalty to Derick Brassard for Hooking.
7:09 of 2nd period - Andrei Loktionov wins face-off versus Tyler Kennedy in Blackhawks zone.
9:08 of 2nd period - Penalty to Derick Brassard is over, Derick Brassard is back on ice.
9:26 of 2nd period - Matt Martin is hit by Jarome Iginla.
9:32 of 2nd period - Snap shot by Derick Brassard.
9:32 of 2nd period - Stopped by Robin Lehner with a rebound.
9:34 of 2nd period - Slapshot by Mike Green.
9:34 of 2nd period - Stopped by Robin Lehner without a rebound.
9:35 of 2nd period - Kyle Brodziak wins face-off versus Vincent Lecavalier in Sabres zone.
10:00 of 2nd period - Jordan Leopold is hit by Antoine Roussel and loses puck.
10:07 of 2nd period - Slapshot by Chad Larose.
10:07 of 2nd period - Stopped by Robin Lehner with a rebound.
10:09 of 2nd period - Snap shot by Ryan Johansen.
10:09 of 2nd period - Stopped by Robin Lehner without a rebound.
10:10 of 2nd period - Kyle Brodziak wins face-off versus Brandon Sutter in Sabres zone.
10:41 of 2nd period - Snap shot by Antoine Roussel.
10:41 of 2nd period - Stopped by Robin Lehner with a rebound.
10:43 of 2nd period - Snap shot by Antoine Roussel.
10:43 of 2nd period - Stopped by Robin Lehner without a rebound.
10:44 of 2nd period - Ryan O'Reilly wins face-off versus Derick Brassard in Sabres zone.
11:10 of 2nd period - Mike Green is hit by Andrei Loktionov and loses puck.
11:19 of 2nd period - Slapshot by Andrei Loktionov.
11:19 of 2nd period - Shot Misses the Net.
11:37 of 2nd period - Ladislav Smid is hit by Jakub Kindl and loses puck.
12:06 of 2nd period - Tomas Fleischmann is hit by Brandon Sutter and loses puck.
12:39 of 2nd period - Kyle Okposo is hit by Chad Larose and loses puck.
13:57 of 2nd period - Wrist shot by Tyler Kennedy.
13:57 of 2nd period - Stopped by Robin Lehner without a rebound.
13:58 of 2nd period - Peter Regin wins face-off versus Ryan O'Reilly in Sabres zone.
14:30 of 2nd period - Icing by Zach Bogosian.
14:31 of 2nd period - Derick Brassard wins face-off versus Ryan O'Reilly in Sabres zone.
15:03 of 2nd period - Snap shot by Evander Kane.
15:03 of 2nd period - Shot Misses the Net.
15:21 of 2nd period - Kevin Marshall is hit by Kyle Okposo and loses puck.
15:30 of 2nd period - Wrist shot by Andrei Loktionov.
15:30 of 2nd period - Goal by Andrei Loktionov - Sabres : 2 - Blackhawks : 1.
15:31 of 2nd period - Derick Brassard wins face-off versus Andrei Loktionov in neutral zone.
15:36 of 2nd period - Slapshot by Jaden Schwartz.
15:36 of 2nd period - Stopped by Robin Lehner without a rebound.
15:37 of 2nd period - Derick Brassard wins face-off versus Andrei Loktionov in Sabres zone.
16:10 of 2nd period - Snap shot by Vincent Lecavalier.
16:10 of 2nd period - Shot Misses the Net.
16:20 of 2nd period - Rob Scuderi is hit by Tyler Kennedy and loses puck.
16:27 of 2nd period - Slapshot by Peter Regin.
16:27 of 2nd period - Stopped by Robin Lehner without a rebound.
16:28 of 2nd period - Derick Brassard wins face-off versus Ilya Kovalchuk in Sabres zone.
17:01 of 2nd period - Snap shot by Evander Kane.
17:01 of 2nd period - Stopped by Jimmy Howard without a rebound.
17:02 of 2nd period - Ryan O'Reilly wins face-off versus Derick Brassard in Blackhawks zone.
17:27 of 2nd period - Denis Grebeshkov is hit by Kyle Okposo and loses puck.
17:52 of 2nd period - Slapshot by Vincent Lecavalier.
17:52 of 2nd period - Stopped by Jimmy Howard with a rebound.
17:54 of 2nd period - Snap shot by Vincent Lecavalier.
17:54 of 2nd period - Stopped by Jimmy Howard without a rebound.
17:55 of 2nd period - Andrei Loktionov wins face-off versus Derick Brassard in Blackhawks zone.
18:08 of 2nd period - Wrist shot by Jarome Iginla.
18:08 of 2nd period - Deflect By Zach Bogosian.
18:08 of 2nd period - Stopped by Robin Lehner without a rebound.
18:09 of 2nd period - Ryan O'Reilly wins face-off versus Jarome Iginla in Sabres zone.
18:57 of 2nd period - Wrist shot by Peter Regin.
18:57 of 2nd period - Stopped by Robin Lehner with a rebound.
19:12 of 2nd period - Off-side.
19:13 of 2nd period - Darcy Hordichuk wins face-off versus Kyle Brodziak in neutral zone.
19:26 of 2nd period - Slapshot by Brad Richardson.
19:26 of 2nd period - Stopped by Jimmy Howard with a rebound.
19:38 of 2nd period - Wrist shot by Kyle Okposo.
19:38 of 2nd period - Stopped by Jimmy Howard with a rebound.
19:40 of 2nd period - Wrist shot by Ilya Kovalchuk.
19:40 of 2nd period - Shot Misses the Net.
19:42 of 2nd period - Snap shot by Ilya Kovalchuk.
19:42 of 2nd period - Stopped by Jimmy Howard without a rebound.
19:43 of 2nd period - Derick Brassard wins face-off versus Andrei Loktionov in Blackhawks zone.
19:45 of 2nd period - Icing by Jaden Schwartz.
19:46 of 2nd period - Derick Brassard wins face-off versus Andrei Loktionov in Blackhawks zone.
Goals for this period are 2 for Sabres vs 1 for Blackhawks.
Shots for this period are 16 for Sabres vs 15 for Blackhawks.
3rd period
0:01 of 3rd period - Derick Brassard wins face-off versus Ryan O'Reilly in neutral zone.
0:49 of 3rd period - Snap shot by Antoine Roussel.
0:49 of 3rd period - Deflect By Ryan Johansen.
0:49 of 3rd period - Shot Misses the Net.
0:49 of 3rd period - Puck is out of play.
0:50 of 3rd period - Ilya Kovalchuk wins face-off versus Ryan Johansen in Sabres zone.
0:50 of 3rd period - Ilya Kovalchuk is hit by Ladislav Smid.
0:55 of 3rd period - Off-side.
0:56 of 3rd period - Ryan Johansen wins face-off versus Ryan O'Reilly in neutral zone.
1:05 of 3rd period - Slapshot by Zach Bogosian.
1:05 of 3rd period - Shot Blocked by Joni Pitkanen.
1:07 of 3rd period - Slapshot by Jared Cowen.
1:07 of 3rd period - Stopped by Jimmy Howard with a rebound.
1:09 of 3rd period - Slapshot by Jared Cowen.
1:09 of 3rd period - Shot Misses the Net.
1:11 of 3rd period - Wrist shot by Ryan O'Reilly.
1:11 of 3rd period - Shot Blocked by Joni Pitkanen.
1:21 of 3rd period - Tomas Fleischmann is hit by Andrei Loktionov and loses puck.
1:42 of 3rd period - Scottie Upshall is hit by Jarome Iginla and loses puck.
1:49 of 3rd period - Derick Brassard is hit by Vincent Lecavalier and loses puck.
2:08 of 3rd period - Slapshot by Taylor Pyatt.
2:08 of 3rd period - Shot Misses the Net.
4:24 of 3rd period - Jordan Leopold is hit by Denis Grebeshkov and loses puck.
5:46 of 3rd period - Andrei Loktionov is hit by Spencer Machacek and loses puck.
6:20 of 3rd period - Snap shot by Vincent Lecavalier.
6:20 of 3rd period - Shot Misses the Net.
7:04 of 3rd period - Brandon Sutter is hit by Mike Green and loses puck.
7:22 of 3rd period - Taylor Pyatt is hit by Kyle Okposo and loses puck.
7:37 of 3rd period - Minor Penalty to Tomas Kaberle for Roughing.
7:38 of 3rd period - Derick Brassard wins face-off versus Andrei Loktionov in Blackhawks zone.
7:59 of 3rd period - Jarome Iginla is hit by Andrei Loktionov and loses puck.
8:47 of 3rd period - Icing by Zack Kassian.
8:48 of 3rd period - Tyler Kennedy wins face-off versus Ryan O'Reilly in Sabres zone.
9:03 of 3rd period - Snap shot by Tyler Kennedy.
9:03 of 3rd period - Stopped by Robin Lehner without a rebound.
9:04 of 3rd period - Andrei Loktionov wins face-off versus Derick Brassard in Sabres zone.
9:15 of 3rd period - Slapshot by Evander Kane.
9:15 of 3rd period - Deflect By Kyle Okposo.
9:15 of 3rd period - Shot Blocked by Ladislav Smid.
9:15 of 3rd period - Puck is out of play.
9:16 of 3rd period - Andrei Loktionov wins face-off versus Derick Brassard in Blackhawks zone.
9:31 of 3rd period - Snap shot by Andrei Loktionov.
9:31 of 3rd period - Stopped by Jimmy Howard with a rebound.
9:33 of 3rd period - Snap shot by Evander Kane.
9:33 of 3rd period - Shot Blocked by Jarome Iginla.
9:37 of 3rd period - Penalty to Tomas Kaberle is over, Tomas Kaberle is back on ice.
9:45 of 3rd period - Snap shot by Chad Larose.
9:45 of 3rd period - Stopped by Robin Lehner without a rebound.
9:46 of 3rd period - Ryan Johansen wins face-off versus Vincent Lecavalier in Sabres zone.
9:48 of 3rd period - Minor Penalty to Vincent Lecavalier for Hooking.
9:49 of 3rd period - Brandon Sutter wins face-off versus Derick Brassard in Sabres zone.
9:59 of 3rd period - Snap shot by Joni Pitkanen.
9:59 of 3rd period - Stopped by Robin Lehner with a rebound.
10:05 of 3rd period - Jarome Iginla is hit by Michael Kostka and loses puck.
10:16 of 3rd period - Darcy Hordichuk is hit by Joni Pitkanen and loses puck.
10:23 of 3rd period - Wrist shot by Tomas Fleischmann.
10:23 of 3rd period - Shot Misses the Net.
10:25 of 3rd period - Slapshot by Denis Grebeshkov.
10:25 of 3rd period - Goal by Denis Grebeshkov - Sabres : 2 - Blackhawks : 2.
10:26 of 3rd period - Jarome Iginla wins face-off versus Andrei Loktionov in neutral zone.
10:58 of 3rd period - Slapshot by Mike Green.
10:58 of 3rd period - Stopped by Robin Lehner without a rebound.
10:59 of 3rd period - Ryan Johansen wins face-off versus Ryan O'Reilly in Sabres zone.
12:14 of 3rd period - Snap shot by Darcy Hordichuk.
12:14 of 3rd period - Shot Misses the Net.
12:22 of 3rd period - Wrist shot by Mike Green.
12:22 of 3rd period - Shot Blocked by Brandon Sutter.
13:07 of 3rd period - Zach Bogosian is hit by Kevin Marshall and loses puck.
13:38 of 3rd period - Snap shot by Scottie Upshall.
13:38 of 3rd period - Deflect By Matt Martin.
13:38 of 3rd period - Shot Misses the Net.
13:38 of 3rd period - Puck is out of play.
13:39 of 3rd period - Ryan O'Reilly wins face-off versus Derick Brassard in Blackhawks zone.
13:42 of 3rd period - Snap shot by Zack Kassian.
13:42 of 3rd period - Shot Misses the Net.
13:44 of 3rd period - Wrist shot by Zack Kassian.
13:44 of 3rd period - Shot Misses the Net.
14:09 of 3rd period - Slapshot by Joni Pitkanen.
14:09 of 3rd period - Stopped by Robin Lehner with a rebound.
14:11 of 3rd period - Slapshot by Antoine Roussel.
14:11 of 3rd period - Stopped by Robin Lehner with a rebound.
14:13 of 3rd period - Slapshot by Joni Pitkanen.
14:13 of 3rd period - Shot Blocked by Kyle Okposo.
14:25 of 3rd period - Snap shot by Matt Martin.
14:25 of 3rd period - Shot Misses the Net.
15:21 of 3rd period - Kyle Okposo is hit by Antoine Roussel and loses puck.
16:39 of 3rd period - Snap shot by Antoine Roussel.
16:39 of 3rd period - Stopped by Robin Lehner without a rebound.
16:40 of 3rd period - Ryan Johansen wins face-off versus Vincent Lecavalier in Sabres zone.
17:18 of 3rd period - Slapshot by Ryan Johansen.
17:18 of 3rd period - Stopped by Robin Lehner without a rebound.
17:19 of 3rd period - Ilya Kovalchuk wins face-off versus Peter Regin in Sabres zone.
17:19 of 3rd period - Ilya Kovalchuk is hit by Tomas Kaberle.
17:45 of 3rd period - Andrei Loktionov is hit by Jaden Schwartz and loses puck.
18:54 of 3rd period - Minor Penalty to Tyler Kennedy for Roughing.
18:55 of 3rd period - Andrei Loktionov wins face-off versus Derick Brassard in Blackhawks zone.
19:04 of 3rd period - Snap shot by Evander Kane.
19:04 of 3rd period - Shot Blocked by Jarome Iginla.
19:06 of 3rd period - Snap shot by Kyle Okposo.
19:06 of 3rd period - Shot Misses the Net.
19:08 of 3rd period - Wrist shot by Andrei Loktionov.
19:08 of 3rd period - Shot Hit the Post.
19:26 of 3rd period - Slapshot by Mike Green.
19:26 of 3rd period - Deflect By Antoine Roussel.
19:26 of 3rd period - Stopped by Robin Lehner without a rebound.
19:27 of 3rd period - Antoine Roussel wins face-off versus Ryan O'Reilly in Sabres zone.
19:38 of 3rd period - Wrist shot by Peter Regin.
19:38 of 3rd period - Shot Misses the Net.
Goals for this period are 0 for Sabres vs 1 for Blackhawks.
Shots for this period are 2 for Sabres vs 10 for Blackhawks.
Overtime #1
0:01 of 1st overtime period - Ryan O'Reilly wins face-off versus Derick Brassard in neutral zone.
0:54 of 1st overtime period - Penalty to Tyler Kennedy is over, Tyler Kennedy is back on ice.
1:54 of 1st overtime period - Denis Grebeshkov is hit by Kyle Okposo and loses puck.
2:05 of 1st overtime period - Derick Brassard is hit by Jakub Kindl and loses puck.
3:14 of 1st overtime period - Evander Kane is hit by Joni Pitkanen.
4:39 of 1st overtime period - Ladislav Smid is hit by Jakub Kindl and loses puck.
4:50 of 1st overtime period - Snap shot by Antoine Roussel.
4:50 of 1st overtime period - Shot Misses the Net.
4:52 of 1st overtime period - Slapshot by Ladislav Smid.
4:52 of 1st overtime period - Stopped by Robin Lehner with a rebound.
Goals for this period are 0 for Sabres vs 0 for Blackhawks.
Shots for this period are 0 for Sabres vs 1 for Blackhawks.
ShootOut
5:00 of 1st overtime period - Penalty Shot by Ilya Kovalchuk for Sabres.
5:00 of 1st overtime period - Wrist shot by Ilya Kovalchuk.
5:00 of 1st overtime period - Stopped by Jimmy Howard.
5:00 of 1st overtime period - Penalty Shot by Derick Brassard for Blackhawks.
5:00 of 1st overtime period - Deke by Derick Brassard.
5:00 of 1st overtime period - Goal by Derick Brassard.
5:00 of 1st overtime period - Penalty Shot by Vincent Lecavalier for Sabres.
5:00 of 1st overtime period - Backhand shot by Vincent Lecavalier.
5:00 of 1st overtime period - Goal by Vincent Lecavalier.
5:00 of 1st overtime period - Penalty Shot by Jarome Iginla for Blackhawks.
5:00 of 1st overtime period - Snap shot by Jarome Iginla.
5:00 of 1st overtime period - Shot Misses the Net.
5:00 of 1st overtime period - Penalty Shot by Evander Kane for Sabres.
5:00 of 1st overtime period - Wrist shot by Evander Kane.
5:00 of 1st overtime period - Goal by Evander Kane.
5:00 of 1st overtime period - Penalty Shot by Antoine Roussel for Blackhawks.
5:00 of 1st overtime period - Wrist shot by Antoine Roussel.
5:00 of 1st overtime period - Stopped by Robin Lehner.
Back to the Top